cohdb
Replays
Latest Replays
All Replays
Popular Replays
Top Player Replays
Match Explorer
How It Works
Community
CoH3 Stats
Reddit
Sign in to upload your games and track your stats! →
Sign in with Steam
Match 38908132
Unlisted
Match 38908132
Overview
Messages
Build Orders
End
Panzergrenadier Squad
250 Light Carrier
Panzergrenadier Squad
Panzerpioneer Squad
Construct Light Support Kompanie
Combat Half-tracks
Construct Mechanized Kompanie
2.5-tonne Medical Truck
Veteran Squad Leaders
Panzergrenadier Squad
Fire Support Elements
Advanced Field Repairs
Construct Panzerarmee Kommand
Panzer III L Medium Tank
Vehicle Survival Package
Selects Armored Support Battlegroup
Selects Salvage Kits
Selects Panzer Storm
Selects Stuka Anti-tank Loiter
Walking Stuka Rocket Launcher
Emergency Repair Kits
Armored Reserves
Tungsten Core Ammunition
Selects Veteran Gunners
Selects Flammpanzer III Medium Tank
Tiger Heavy Tank
Panzer III L Medium Tank
Rapid Advance
Tiger Heavy Tank
Panzer III L Medium Tank
Bradare
nierenbrei
BIOHAZARD
Sauzer88
0
0
Comments
sign in to comment!
No comments posted yet!